AoeStats
← Chiripa605

Nomad

508498746Analyzed
3v3 RM · 9d ago on Sep 22, 2026· 35m 49s· 6 players
Game mode
Random Map
Map size
210×210
Population
200
Speed
Normal
Resources
Standard
Victory
Conquest
Starting age
Dark Age
Ending age
Imperial Age
RankedLock teamsTeams togetherTeam positionsShared explorationLock speedFull tech treeHidden civsTurbo modeCheats
Victory
Defeat
🇦🇷 Maya · Argentina
1384
+10
🇺🇸 Khitans · United States
1350
+12
🇧🇷 Turks · Brazil
1299
+13
🇦🇷 Varangians · Argentina
1286
-13
🇦🇷 Danes · Argentina
1268
-12
🇦🇷 Turks · Argentina
1210
-10
twitch.tv/markola86
4:50 Loom
13:05 Feudal Age
13:31 Double-Bit Axe
14:03 Fishing Lines
15:09 Town Watch
15:34 Scale Barding Armor
15:40 Forging
17:13 Wheelbarrow
17:43 Bloodlines
17:47 Gold Mining
22:46 Castle Age
23:59 Chain Barding Armor
23:41 Husbandry
23:53 Bow Saw
23:24 Horse Collar
24:20 Gold Shaft Mining
25:28 Iron Casting
28:42 Hand Cart
29:53 Stone Mining
30:58 Fletching
31:09 Padded Archer Armor
31:52 Town Patrol
34:44 Imperial Age
32:41 Ballistics
32:03 Treadmill Crane
32:20 Murder Holes
34:32 Leather Archer Armor
34:12 Bodkin Arrow
35:01 Ballistics
35:26 Gillnets
35:43 Heavy Plow
36:08 Conscription
Chiripa605
4:58 Loom
12:40 Feudal Age
13:17 Double-Bit Axe
19:44 Castle Age
18:24 Town Watch
19:28 Forging
20:51 Medium Warships
21:02 Bow Saw
22:56 Fletching
23:48 Scale Mail Armor
25:50 Gold Mining
26:39 Bodkin Arrow
34:14 Squires
35:41 Domestication
too old for this new shit
5:59 Loom
13:28 Feudal Age
17:14 Castle Age
15:04 Double-Bit Axe
14:59 Horse Collar
15:51 Fletching
16:48 Padded Archer Armor
18:13 Bodkin Arrow
18:29 Bow Saw
20:46 Heavy Plow
24:33 Leather Archer Armor
25:44 Wheelbarrow
25:57 Ballistics
26:37 Thumb Ring
31:31 Stone Mining
31:32 Gold Mining
36:23 Imperial Age
Mayhem
4:31 Loom
14:23 Feudal Age
15:41 Double-Bit Axe
19:09 Castle Age
18:15 Forging
20:20 Bow Saw
20:05 Town Watch
20:51 Medium Warships
21:22 Iron Casting
20:45 Fishing Lines
22:43 Fletching
23:32 Squires
24:44 Scale Mail Armor
25:49 Gambesons
27:25 Wheelbarrow
27:50 Chain Mail Armor
28:27 Horse Collar
29:25 Bodkin Arrow
29:11 Pikeman
29:45 Stone Mining
Niimiiitzz'
4:31 Loom
14:46 Feudal Age
16:11 Fletching
19:42 Castle Age
25:01 Scale Barding Armor
27:22 Husbandry
28:45 Bloodlines
Mark Renton
12:55 Loom
15:22 Feudal Age
16:15 Town Watch
16:58 Fletching
17:05 Double-Bit Axe
19:42 Castle Age
18:25 Fishing Lines
19:26 Scale Barding Armor
20:20 Bloodlines
20:12 Gillnets
20:50 Medium Warships
21:28 Wheelbarrow
20:55 Husbandry
21:40 Chain Barding Armor
22:56 Forging
25:54 Hand Cart
26:26 Iron Casting
28:32 Bow Saw
28:03 Horse Collar
37:06 Imperial Age
Connection lost

Rejoining the realm…

Still unreachable

The connection could not be restored.

Session expired

The server has moved on; the page needs a fresh start.